 Dungeon Crawl Stone Soup version 0.28-a0-1152-g9c71ebef14 (webtiles) character file.

Game seed: 12842777666567120412

99 spaghetti the Covert (level 4, -3/24 (31) HPs)
             Began as an Octopode Delver on Dec 14, 2021.
             Slain by a hound (6 damage)
             ... on level 7 of the Dungeon.
             The game lasted 00:02:31 (881 turns).

spaghetti the Covert (Octopode Delver)               Turns: 881, Time: 00:02:31

HP:   -3/24 (31)    AC:  1    Str: 11      XL:     4   Next: 72%
MP:   4/4           EV: 13    Int: 13 (14) God:
Gold: 0             SH:  0    Dex: 11 (13) Spells: 3/3 levels left

rFire   . . .      SeeInvis .   a - +0 spear {polearm}
rCold   . . .      Faith    .   (no shield)
rNeg    . . .      Spirit   .   (helmet restricted)
rPois   .          Reflect  .   (no amulet)
rElec   .          Harm     .   (no ring)
rCorr   .          Rampage  .   (no ring)
Will    .....                   (no ring)
Stlth   +++++.....              (no ring)
HPRegen 0.08/turn               (no ring)
MPRegen 0.09/turn               (no ring)
                                (no ring)
                                (no ring)

@: weak-willed, studying 2 skills, heavily drained
A: almost no armour, amphibious, 8 rings, camouflage 1, gelatinous body 1,
(nimble swimmer 1), tentacles
a: no special abilities


You were on level 7 of the Dungeon.
You visited 1 branch of the dungeon, and saw 4 of its levels.


Innate Abilities, Weirdness & Mutations

You cannot wear most types of armour.
You are amphibious.
You can wear up to eight rings at the same time.
Your skin changes colour to match your surroundings (Stealth+).
Your rubbery body absorbs attacks. (AC +1, EV +1)
((You are camouflaged near water. (Stealth+)))
You have tentacles for arms and can constrict up to eight enemies at once.


   Skills:
 - Level 3.0 Fighting
 - Level 2.0 Polearms
 - Level 2.0 Dodging
 + Level 11.1 Stealth


You had 3 spell levels left.
You didn't know any spells.
Your spell library was empty.

Inventory:

Hand Weapons
 a - a +0 spear (weapon) {polearm}
Missiles
 d - 16 stones (quivered) {throwing}
Magical Staves
 g - a staff of conjuration {!a@e2staff}
   (You found it on level 5 of the Dungeon)
Wands
 f - a wand of digging (3)
Scrolls
 b - a scroll of fog
 c - a scroll of magic mapping {!r}

Dungeon Overview and Level Annotations

Branches:
Dungeon (8/15)
 Temple: D:4-7         Lair: D:8-11

Altars:

### ### #.#
#@#
#.#########h#
#...........#
##
#.#########.#
.# #.# #.# .#
#.# #.#
.#####.# #.#
......># ..#
######.# ###


You could see a hound (weak-willed).


Message History

An ufetubus comes into view.
Found a stone staircase leading up.
A necrophage comes into view.
You reach to attack!
The helpless ufetubus fails to defend itself.
You puncture the ufetubus!
You kill the ufetubus!
You feel your dexterity returning.
You see here 16 gold pieces.
You barely miss the necrophage. Your grab misses the necrophage.
The necrophage hits you. 😕 HP[-2]
You take 2 damage, and now have 29/31 hp.
You hit the necrophage but do no damage.
Your grab misses the necrophage. The necrophage closely misses you.
You hit the necrophage. Your grab misses the necrophage.
The necrophage barely misses you.
You hit the necrophage but do no damage.
Your grab misses the necrophage. You squeeze the necrophage.
The necrophage hits you.
You feel drained. 😕 HP[-6]
You now have 29 max hp (-2).
You take 6 damage, and now have 23/29 hp.
MASSIVE DAMAGE!! (PAUSE)
Okay, then.
There is a stone staircase leading up here.
You see here a scroll labelled GOH JOMUGRYTUA.
You aren't carrying any potions.
Unknown command. 😕 HP[+1] 😕 HP[+1]
There is a stone staircase leading down here.
You aren't carrying any potions.
Unknown command.
Okay, then. 😕 HP[+1]
A hound comes into view.
Okay, then. 😕 HP[+1]
You aren't carrying any potions.
As you read the scroll labelled GOH JOMUGRYTUA, it crumbles to dust.
The hound barks!
Magic quickly surges around you.
It was a scroll of vulnerability.
The necrophage hits you!
You feel drained. 😮 HP[-10]
You now have 27 max hp (-2).
You take 10 damage, and now have 17/27 hp.
MASSIVE DAMAGE!! (PAUSE) Unknown command.
Unknown command.
You closely miss the necrophage. Your grab misses the necrophage.
The necrophage hits you.
You feel drained. 😮 HP[-1]
You now have 26 max hp (-1).
Unknown command.
Unknown command.
You aren't carrying any potions.
Unknown command.
Okay, then.
Okay, then.
You hit the necrophage. Your grab misses the necrophage.
You squeeze the necrophage. The necrophage closely misses you.
You hit the necrophage but do no damage.
Your grab misses the necrophage. The necrophage misses you.
Unknown command.
You barely miss the necrophage. You grab the necrophage.
You constrict the necrophage. The necrophage hits you.
* * * LOW HITPOINT WARNING * * *
😨 HP[-5]
You take 5 damage, and now have 11/26 hp.
Unknown command.
Unknown command.
Unknown command.
You aren't carrying any potions.
You hit the necrophage. You constrict the necrophage. The necrophage hits you.
* * * LOW HITPOINT WARNING * * *
You feel drained. 😨 HP[-2]
You now have 25 max hp (-1).
You take 2 damage, and now have 9/25 hp.
Unknown command.
You hit the necrophage. You constrict the necrophage. The necrophage hits you.
* * * LOW HITPOINT WARNING * * *
You feel drained.
* * * LOW HITPOINT WARNING * * *
😱 HP[-6]
You now have 24 max hp (-1).
You take 6 damage, and now have 3/24 hp.
MASSIVE DAMAGE!! (PAUSE)
You hit the necrophage. You squeeze the necrophage.
You constrict the necrophage. The necrophage barely misses you.
Unknown command.
You hit the necrophage but do no damage.
You squeeze the necrophage.
You destroy the necrophage!
The hound bites you.
You die...

Skill      XL: |  1  2  3 |
---------------+----------+-----
Stealth        | 9 11 | 11.1
Fighting       | |  3.0
Polearms       | |  2.0
Dodging        | |  2.0

Action                   |  1- 3 |  4- 6 || total
-------------------------+-------+-------++-------
Melee: Spear             |    16 |    13 ||    29
       Tentacles         |     2 |     4 ||     6
       Constrict         |     2 |     1 ||     3
  Use: Scroll            |     4 |     2 ||     6
       Potion            |     3 |       ||     3
 Stab: Sleeping          |     3 |     1 ||     4
Armor: Skin              |     1 |       ||     1
Dodge: Dodged            |    16 |     5 ||    21

Levels and vault maps discovered:
D:5:      layout_rooms
D:6:      layout_rooms, tgw_kikubaaqudgha,
          mainiacjoe_overflow_concentric_impassable,
          chequers_temple_overflow_statue_of_worship,
          hangedman_abyss_or_decor_passed, nicolae_sextant
D:7:      layout_basic, mainiacjoe_overflow_alcove_1, serial_shops,
          nicolae_shop_trees, uniq_joseph, uniq_maggie
D:8:      layout_loops_ring, mainiacjoe_overflow_paths,
          gammafunk_ghost_necromancy, uniq_maurice, uniq_pikel, uniq_erica

Notes
Turn   | Place    | Note
-------+----------+-------------------------------------------
     0 | D:5      | spaghetti the Octopode Delver began the quest for the Orb.
     0 | D:5      | Reached XP level 1. HP: 16/16 MP: 1/1
     0 | D:5      | magus.rc [v1.9.6]
     5 | D:5      | Identified a scroll of acquirement
     5 | D:5      | Acquired a manual of Stealth
    33 | D:5      | Noticed an ogre
    36 | D:5      | Reached skill level 7 in Stealth
   228 | D:6      | Noticed an orc priest
   364 | D:7      | Noticed an orc priest
   378 | D:7      | HP: 1/16 [centaur skeleton (4)]
   398 | D:7      | Reached skill level 9 in Stealth
   398 | D:7      | Reached XP level 2. HP: 3/21 MP: 2/2
   398 | D:7      | Reached XP level 3. HP: 4/26 MP: 3/3
   707 | D:8      | Noticed a bullfrog
   709 | D:8      | Noticed an orc warrior
   717 | D:8      | Killed a bullfrog
   718 | D:8      | Reached skill level 11 in Stealth
   718 | D:8      | Reached XP level 4. HP: 23/31 MP: 4/4
   815 | D:7      | Acquired a manual of Necromancy
   822 | D:7      | Noticed a necrophage
   879 | D:7      | HP: 4/25 [necrophage (5)]
   881 | D:7      | Killed a necrophage
   881 | D:7      | Slain by a hound

Vanquished Creatures
  A necrophage (D:7)
  A bullfrog (D:8)
  A centaur skeleton (D:7)
  2 ufetubi
  An orc (D:8)
6 creatures vanquished.

Table legend:
 A = Non-vault XP
 B = Vault XP
 C = Vault XP percentage of total XP
 D = Non-vault monster count
 E = Vault monster count
 F = Vault count percentage of total count
                 A         B        C        D         E       F
            +---------+---------+-------+---------+---------+-------
      Total |     258 |       0 |   0.0 |       6 |       0 |   0.0
            +---------+---------+-------+---------+---------+-------
        D:5 |       8 |       0 |   0.0 |       1 |       0 |   0.0
        D:7 |     163 |       0 |   0.0 |       3 |       0 |   0.0
        D:8 |      87 |       0 |   0.0 |       2 |       0 |   0.0
            +---------+---------+-------+---------+---------+-------

Illustrated notes

Table legend:
 A = Kills in this place as a percentage of kills in entire the game.
 B = Kills by you in this place as a percentage of kills by you in the entire game.
 C = Kills by friends in this place as a percentage of kills by friends in the entire game.
 D = Other kills in this place as a percentage of other kills in the entire game.
 E = Experience gained in this place as a percentage of experience gained in the entire game.
 F = Experience gained in this place divided by the number of levels of this place that you have seen.
                   A       B       C       D       E      F
               +-------+-------+-------+-------+-------+----------------------
         Total | 100.0 | 100.0 |   N/A |   N/A | 100.0 |  64.5
       Dungeon | 100.0 | 100.0 |   N/A |   N/A | 100.0 |  64.5
               +-------+-------+-------+-------+-------+----------------------

Table legend: (Time is in decaauts)
 A = Elapsed time spent in this place.
 B = Non-inter-level travel time spent in this place.
 C = Inter-level travel time spent in this place.
 D = Time resting spent in this place.
 E = Time spent auto-exploring this place.
 F = Levels seen in this place.
 G = Mean time per level.
                   A        B        C        D        E       F      G
               +--------+--------+--------+--------+--------+-----+--------+
         Total |    865 |    858 |      7 |    618 |     71 |   4 |  216.2 |
       Dungeon |    865 |    858 |      7 |    618 |     71 |   4 |  216.2 |
               +--------+--------+--------+--------+--------+-----+--------+

Top non-repeatable levels by time:
     D:7: 543 daAuts
     D:6: 185 daAuts
     D:8: 90 daAuts
     D:5: 45 daAuts
